 Dungeon Crawl Stone Soup version 0.28-a0-1213-g0243856f03 (webtiles) character file.

Game seed: 4744802176651473931

121 vineage the Skirmisher (level 5, 0/36 HPs)
             Began as a Gargoyle Fighter on Dec 21, 2021.
             Shot with a stone by a goblin (2 damage)
             ... on level 3 of the Dungeon.
             The game lasted 00:01:35 (1808 turns).

vineage the Skirmisher (Gargoyle Fighter)           Turns: 1808, Time: 00:01:35

Health: 0/36       AC: 10    Str: 19    XL:     5   Next: 5%
Magic:  5/5        EV:  9    Int:  9    God:
Gold:   142        SH:  4    Dex: 11    Spells: 4/4 levels left

rFire   . . .      SeeInvis .   a - +0 flail
rCold   . . .      Faith    .   c - +0 buckler
rNeg    + . .      Spirit   .   b - +0 scale mail
rPois   ∞          Reflect  .   (no helmet)
rElec   +          Harm     .   (no cloak)
rCorr   .          Rampage  .   (no gloves)
Will    .....                   (no boots)
Stlth   ..........              (no amulet)
HPRegen 0.12/turn               (no ring)
MPRegen 0.09/turn               (no ring)

@: mighty
A: sickness immunity, AC +4, negative energy resistance 1, electricity
resistance, torment resistance 1, petrification resistance
a: no special abilities


You were on level 3 of the Dungeon.
You visited 1 branch of the dungeon, and saw 3 of its levels.

You collected 142 gold pieces.

Inventory:

Hand Weapons
 a - a +0 flail (weapon)
Armour
 b - a +0 scale mail (worn)
 c - a +0 buckler (worn)
Jewellery
 g - a ring of see invisible
Scrolls
 e - a scroll of enchant weapon {unknown}
Potions
 f - a potion of attraction {unknown}


   Skills:
 + Level 6.1 Fighting
 - Level 2.0 Maces & Flails
 - Level 3.2 Armour
 - Level 3.2 Shields


You had 4 spell levels left.
You didn't know any spells.
Your spell library was empty.

Dungeon Overview and Level Annotations

Branches:
Dungeon (3/15)

Altars:
Kikubaaqudgha

Shops:
D:2 (


Innate Abilities, Weirdness & Mutations

You are immune to sickness and miasma.
Your stone body is resilient. (AC +4)
You are immune to poison.
You resist negative energy. (rN+)
You are resistant to electric shocks. (rElec)
You are resistant to unholy torment.
You are immune to petrification.


Message History

The goblin shoots a stone.
The stone hits you.
You feel very mighty all of a sudden.
The orc priest looks satisfied for a moment.
The orc priest hits you but does no damage.
An endoplasm and an orc come into view.
The orc shouts!
The endoplasm quivers.
You hear a shout!
You closely miss the orc priest. The orc priest closely misses you.
The orc priest barely misses you.
You closely miss the orc priest.
The orc priest calls down the wrath of Beogh upon you.
Beogh smites you!
* * * LOW HITPOINT WARNING * * *
The orc priest hits you but does no damage.
You closely miss the orc priest.
The orc priest looks satisfied for a moment.
You closely miss the orc priest. The orc hits you with a +0 hand axe.
* * * LOW HITPOINT WARNING * * *
The orc priest hits you but does no damage.
The orc hits you with a +0 hand axe.
* * * LOW HITPOINT WARNING * * *
You barely miss the orc priest.
A bat comes into view.
The orc priest mumbles some strange prayers to Beogh against you.
Pain shoots through your body!
* * * LOW HITPOINT WARNING * * *
The orc hits you but does no damage.
The orc priest hits you but does no damage.
You hit the orc priest.
The orc priest is lightly wounded.
The orc hits you but does no damage.
The orc priest looks encouraged for a moment.
You sock the orc priest!
You kill the orc priest!
The orc barely misses you. You block the orc's attack.
Your Fighting skill increases to level 6!
You have reached level 5!
The goblin shoots a stone.
The stone hits you.
You die...

#. #.# #.# #.# ... ..#
##.####.# 'b'.$#.# #.#
#J#..#.#...#
#.####o##)#.# ...
#.......go..# ..#
#.####@##'#.# ..#
#.#..+.+..#.# #.#
#.#.#..#.#..#.# #.#
#.#.#'##.####.###.#
#.#...........##.<#
#.#.#'##.####.#..##
#.#.#).'.'..#.#.#######.
#.#.#..#.#.8#.#.>.......
#.#.####.####.#..#######


You could see an orc priest, an orc, an endoplasm, a goblin and a bat.

Vanquished Creatures
  An orc priest (D:3)
  A gnoll (D:1)
  3 adders (D:2)
  A worm (D:2)
  3 dart slugs
  An orc (D:3)
  8 bats
  4 endoplasms (D:1)
  3 giant cockroaches (D:1)
  5 goblins
  2 hobgoblins (D:2)
  2 quokkas
  4 ball pythons
  2 frilled lizards
  4 kobolds
  2 rats
46 creatures vanquished.

Notes
Turn   | Place    | Note
-------+----------+-------------------------------------------
     0 | D:1      | vineage the Gargoyle Fighter began the quest for the Orb.
     0 | D:1      | Reached XP level 1. HP: 14/14 MP: 1/1
    91 | D:1      | Reached XP level 2. HP: 20/20 MP: 2/2
   111 | D:1      | Reached skill level 4 in Fighting
   596 | D:1      | Reached XP level 3. HP: 21/24 MP: 3/3
   959 | D:2      | Found Nyujyqih's Antique Weapon Boutique.
   966 | D:2      | Reached skill level 5 in Fighting
  1052 | D:2      | Reached XP level 4. HP: 24/31 MP: 4/4
  1179 | D:2      | Found a faded altar of an unknown god.
  1741 | D:3      | Found an ancient bone altar of Kikubaaqudgha.
  1808 | D:3      | Reached skill level 6 in Fighting
  1808 | D:3      | Reached XP level 5. HP: 2/36 MP: 5/5
  1808 | D:3      | Shot with a stone by a goblin

Illustrated notes

Levels and vault maps discovered:
D:1:      minmay_arrival_up_and_down, layout_rooms, minmay_tetromino_s2
D:2:      layout_basic, hellmonk_ecumenical_altar_crossroads, serial_shops,
          nicolae_shop_waterfront, grunt_ministairs_8
D:3:      minmay_door_path, layout_rooms, mainiacjoe_overflow_tiny_flanked,
          lemuel_crystal_altar

Skill      XL: |  1  2  3  4 |
---------------+-------------+-----
Fighting       | 4 5 6 |  6.1
Maces & Flails | |  2.0
Armour         | |  3.2
Shields        | |  3.2

Action                   |  1- 3 |  4- 6 || total
-------------------------+-------+-------++-------
Melee: Flail             |    86 |    49 ||   135
  Use: Potion            |       |     1 ||     1
Armor: Scale mail        |    65 |    26 ||    91
Dodge: Dodged            |    54 |    22 ||    76
Block: Buckler           |    22 |    16 ||    38

Table legend: (Time is in decaauts)
 A = Elapsed time spent in this place.
 B = Non-inter-level travel time spent in this place.
 C = Inter-level travel time spent in this place.
 D = Time resting spent in this place.
 E = Time spent auto-exploring this place.
 F = Levels seen in this place.
 G = Mean time per level.
                   A        B        C        D        E       F      G
               +--------+--------+--------+--------+--------+-----+--------+
         Total |   1851 |   1804 |     47 |      0 |   1493 |   3 |  617.0 |
       Dungeon |   1851 |   1804 |     47 |      0 |   1493 |   3 |  617.0 |
               +--------+--------+--------+--------+--------+-----+--------+

Top non-repeatable levels by time:
     D:1: 979 daAuts
     D:2: 777 daAuts
     D:3: 94 daAuts
